 Dungeon Crawl Stone Soup version 0.29-a0-275-g389c0b56f3 (webtiles) character file.

Game seed: 106527849245797146

11 vineage the Skirmisher (level 2, 0/20 HPs)
             Began as a Gargoyle Fighter on Mar 9, 2022.
             Slain by a kobold
             ... wielding a +0 dagger
              (2 damage)
             ... on level 1 of the Dungeon.
             The game lasted 00:00:24 (35 turns).

vineage the Skirmisher (Gargoyle Fighter)             Turns: 35, Time: 00:00:25

Health: 0/20       AC:  9    Str: 19    XL:     2   Next: 25%
Magic:  2/2        EV:  9    Int:  8    God:
Gold:   0          SH:  4    Dex:  9    Spells: 1/1 levels left

rFire   . . .      SeeInvis .   a - +0 flail
rCold   . . .      Faith    .   c - +0 buckler
rNeg    + . .      Spirit   .   b - +0 scale mail
rPois   ∞          Reflect  .   (no helmet)
rElec   +          Harm     .   (no cloak)
rCorr   .          Rampage  .   (no gloves)
Will    .....                   (no boots)
Stlth   ..........              (no amulet)
HPRegen 0.06/turn               (no ring)
MPRegen 0.08/turn               (no ring)

@: mighty
A: sickness immunity, AC +2, negative energy resistance 1, electricity
resistance, torment resistance 1, petrification resistance
a: no special abilities


You were on level 1 of the Dungeon.
You visited 1 branch of the dungeon, and saw 1 of its levels.

Inventory:

Hand Weapons
 a - a +0 flail (weapon)
Armour
 b - a +0 scale mail (worn)
 c - a +0 buckler (worn)
Scrolls
 e - a scroll of fog {unknown}


   Skills:
 * Level 3.8 Fighting
 + Level 2.3 Maces & Flails
 - Level 3.2 Armour
 - Level 3.2 Shields


You had one spell level left.
You didn't know any spells.
Your spell library was empty.

Dungeon Overview and Level Annotations

Branches:
Dungeon (1/15)

Altars:


Innate Abilities, Weirdness & Mutations

You are immune to sickness and miasma.
Your stone body is resilient. (AC +2)
You are immune to poison.
You resist negative energy. (rN+)
You are resistant to electric shocks. (rElec)
You are resistant to unholy torment.
You are immune to petrification.


Message History

* * * LOW HITPOINT WARNING * * *
You sock the ball python!
You kill the ball python!
The bat hits you but does no damage. x3
You barely miss the bat. You block the bat's attack.
The bat hits you but does no damage.
You hit the bat.
You kill the bat!
The giant cockroach closely misses you.
You sock the giant cockroach!
You kill the giant cockroach!
You hit the dart slug.
The dart slug is moderately wounded.
The dart slug bites you but does no damage.
You hit the dart slug.
The dart slug is almost dead.
The dart slug bites you but does no damage.
You sock the dart slug!
You kill the dart slug!
You have reached level 2!
You closely miss the frilled lizard.
The frilled lizard bites you but does no damage.
You thump the frilled lizard!
You kill the frilled lizard!
The kobold hits you with a +0 short sword.
* * * LOW HITPOINT WARNING * * *
You sock the kobold!
You kill the kobold!
You sock the endoplasm!
You kill the endoplasm!
You barely miss the frilled lizard. The frilled lizard barely misses you.
The frilled lizard bites you but does no damage.
You miss the frilled lizard.
The frilled lizard bites you but does no damage.
You sock the frilled lizard!
You kill the frilled lizard!
You completely miss the kobold. The kobold completely misses you.
The kobold hits you but does no damage.
You barely miss the kobold. The kobold hits you with a +0 dagger.
You die...

8. .8 ##.#.# #8.#.8
##.#.## # ##8...8######
# #8#8#...#8#8#8# ...
..............### #..#
###...<...###.'.##...#
..............#=@K...#
#8#8#...#8#8#8####....⌠?
##8...8###### .#..)
##.#.## # ⌠ #8.#.8
##.#.# 8.#.8 # #.#


You could see a kobold.

Vanquished Creatures
  A dart slug (D:1)
  A ball python (D:1)
  2 endoplasms (D:1)
  A giant cockroach (D:1)
  A bat (D:1)
  2 frilled lizards (D:1)
  A kobold (D:1)
9 creatures vanquished.

Notes
Turn   | Place    | Note
-------+----------+-------------------------------------------
     0 | D:1      | vineage the Gargoyle Fighter began the quest for the Orb.
     0 | D:1      | Reached XP level 1. HP: 14/14 MP: 1/1
    27 | D:1      | Reached XP level 2. HP: 3/20 MP: 2/2
    35 | D:1      | Slain by a kobold

Illustrated notes

Levels and vault maps discovered:
D:1:      heliophobic_arrival_ceremonial_halls, layout_basic,
          minmay_pentomino_w4

Action                   || total
-------------------------++-------
Melee: Flail             ||    22
  Use: Potion            ||     1
Armor: Scale mail        ||    13
Dodge: Dodged            ||     5
Block: Buckler           ||     2

Table legend: (Time is in decaauts)
 A = Elapsed time spent in this place.
 B = Non-inter-level travel time spent in this place.
 C = Inter-level travel time spent in this place.
 D = Time resting spent in this place.
 E = Time spent auto-exploring this place.
 F = Levels seen in this place.
 G = Mean time per level.
                   A        B        C        D        E       F      G
               +--------+--------+--------+--------+--------+-----+--------+
         Total |     42 |     42 |      0 |      0 |      7 |   1 |   42.0 |
       Dungeon |     42 |     42 |      0 |      0 |      7 |   1 |   42.0 |
               +--------+--------+--------+--------+--------+-----+--------+

Top non-repeatable levels by time:
     D:1: 42 daAuts
